 Dungeon Crawl Stone Soup version 0.28.0-45-g0d030f2227 (webtiles) character file.

Game seed: 14191878800899065088

2820 protoss039 the Fighter (level 9, -1/75 HPs)
             Began as a Demonspawn Earth Elementalist on May 30, 2022.
             Was a Follower of Vehumet.
             Slain by a two-headed ogre
             ... wielding a +0 giant spiked club
              (12 damage)
             ... on level 7 of the Dungeon.
             The game lasted 00:06:54 (7861 turns).

protoss039 the Fighter (DsEE)                       Turns: 7861, Time: 00:06:55

Health: -1/75      AC:  6    Str:  8    XL:     9   Next: 45%
Magic:  17/17      EV: 12    Int: 22    God:    Vehumet [*.....]
Gold:   344        SH:  4    Dex: 13    Spells: 13/19 levels left

rFire   . . .      SeeInvis .   q - +9 long sword of Plague {vorpal, rPois}
rCold   . . .      Faith    .   (no shield)
rNeg    . . .      Spirit   .   b - +0 robe
rPois   +          Reflect  .   (no helmet)
rElec   .          Harm     .   (no cloak)
rCorr   .          Rampage  .   w - +0 pair of gloves
Will    .....                   o - +2 pair of boots
Stlth   ++........              k - amulet of magic regeneration
HPRegen 0.22/turn               f - +4 ring of slaying
MPRegen 0.55/turn               (no ring)

@: no status effects
A: foul stench 1, condensation shield
a: Renounce Religion


You were on level 7 of the Dungeon.
You worshipped Vehumet.
Vehumet was aware of your devotion.
You visited 2 branches of the dungeon, and saw 9 of its levels.

You collected 344 gold pieces.

Inventory:

Hand Weapons
 q - the +9 long sword of Plague (weapon) {vorpal, rPois}
   (You found it on level 2 of the Dungeon)

   It inflicts extra damage upon your enemies.
   rPois:     It protects you from poison.
 F - the +10 rapier of Resourcefulness {elec, rPois}
   (You found it on level 7 of the Dungeon)

   It occasionally discharges a powerful burst of electricity upon striking a
   foe.
   rPois:     It protects you from poison.
Missiles
 c - 233 stones
 t - 3 throwing nets
Armour
 b - a +0 robe (worn)
 o - a +2 pair of boots (worn)
 w - a +0 pair of gloves (worn)
Jewellery
 f - a +4 ring of slaying (left hand)
 k - an amulet of magic regeneration (around neck)
 v - an amulet of regeneration
 y - a ring of fire
Wands
 r - a wand of paralysis (17)
 B - a wand of mindburst (6)
Scrolls
 a - 2 scrolls of holy word
 d - a scroll of identify
 g - 2 scrolls of fog
 i - a scroll of brand weapon
 j - a scroll of vulnerability {unknown}
 n - a scroll of silence {unknown}
 s - a scroll of magic mapping {unknown}
 u - 2 scrolls of torment
 x - a scroll of immolation {unknown}
 A - a scroll of enchant armour {unknown}
 C - a scroll of fear {unknown}
 D - a scroll of amnesia {unknown}
Potions
 e - 2 potions of invisibility {unknown}
 h - 3 potions of flight {unknown}
 l - 3 potions of degeneration {unknown}
 m - 4 potions of heal wounds
 p - 2 potions of curing {unknown}
 z - a potion of lignification {unknown}
 E - a potion of magic {unknown}


   Skills:
 * Level 8.3 Fighting
 - Level 3.0 Armour
 - Level 1.7 Dodging
 - Level 1.7 Stealth
 + Level 5.7 Spellcasting
 - Level 3.0 Conjurations
 - Level 2.0 Transmutations
 + Level 6.2 Earth Magic


You had 13 spell levels left.
You knew the following spells:

 Your Spells              Type           Power      Damage    Failure   Level
a - Sandblast             Erth           66%        2d15      1%          1
b - Passwall              Tmut/Erth      20%        N/A       2%          2
c - Stone Arrow           Conj/Erth      52%        3d10      4%          3

Your spell library contained the following spells:

 Spells                   Type           Power      Damage    Failure   Level
 Magic Dart               Conj           76%        1d6       2%          1
 Petrify                  Tmut/Erth      24%        N/A       17%         4


Dungeon Overview and Level Annotations

Branches:
Dungeon (8/15)             Temple (1/1) D:6
   Lair: D:8-11

Altars:
Ashenzari
Cheibriados
Dithmenos
Elyvilon
Fedhas
Gozag
Hepliaklqana
Kikubaaqudgha
Makhleb
Nemelex Xobeh
Okawaru
Qazlal
Ru
Sif Muna
Trog
Vehumet
Wu Jian
Xom
Yredelemnul
Zin
The Shining One

Annotations:
D:8 Gastronok, Joseph


Innate Abilities, Weirdness & Mutations

You may rarely emit foul miasma when damaged in melee.
A meltable shield of frost defends you. (SH +4)


Message History

Aim: a two-headed ogre, wielding a +0 giant spiked club and a +0 giant club (wandering, hasn't noticed you, 86% to hit)
The stone arrow misses the two-headed ogre.
Gastronok gurgles horribly!
The two-headed ogre shouts in stereo!
Unknown command.
Casting: Stone Arrow (dangerous; 4% risk of failure)
Confirm with . or Enter, or press ? or * to list all spells.
Aiming: Stone Arrow (dangerous; 4% risk of failure)
Press: ? - help, Shift-Dir - straight line, f/p - two-headed ogre
Aim: a two-headed ogre, wielding a +0 giant spiked club and a +0 giant club (86% to hit)
The stone arrow hits the two-headed ogre!
The two-headed ogre is moderately wounded.
The orc shouts!
You hear a shout!
A bullfrog comes into view.
The bullfrog moves out of view.
Unknown command.
There is a stone staircase leading up here.
Unknown command.
Unknown command.
The two-headed ogre hits you with a +0 giant spiked club!!
You block the two-headed ogre's attack.
You climb upwards.
There is a stone staircase leading down, spattered with blood here.
Unknown command.
Unknown command.
Things that are here:
a +0 plate armour; a +0 scimitar You slash the two-headed ogre!
The two-headed ogre is heavily wounded.
You block the two-headed ogre's attack. The two-headed ogre closely misses you.
Unknown command.
You hit the two-headed ogre.
The two-headed ogre is severely wounded.
The two-headed ogre hits you with a +0 giant spiked club!
The two-headed ogre hits you with a +0 giant club!!
* * * LOW HITPOINT WARNING * * *
Unknown command.
You slash the two-headed ogre!
The two-headed ogre is almost dead.
The two-headed ogre hits you with a +0 giant spiked club!
You die...

....# #.# #.# #.#...###.# ....#
#.# #.# ##.###.###.. ....# #.#
#.# ##.#.##..#>.. ...## #.#
#.####.###.#...... #.## #.#
#.##...# ##....... #.######## #.#
#)##.#.# ##.....# #........###.#
#.##...# ##.#.#..#
#######...##.###.###..###.##)#..#
#.........)>#@##...<#.###.#..#
#.##...##.[[O....#........#..#
#.###.#####.#.##...#.######..#
##.###.####....###.##.# #..#
#..................##.######..#
###..###.####..########..........
.....# #.......# ###########
####.# #######.# #.# #.#


You could see a two-headed ogre.

Vanquished Creatures
  4 yaks (D:7)
  A wyvern (D:7)
  Menkaure (D:6)
  An orc warrior (D:7)
  3 black bears
  3 ogres
  A centaur (D:6)
  2 phantoms
  A kobold brigand (D:4)
  3 scorpions
  A water moccasin skeleton (D:4)
  A wyvern skeleton (D:7)
  4 wights (D:6)
  A gnoll shaman (D:7)
  A bullfrog zombie (D:6)
  2 orc priests (D:7)
  4 hounds
  3 iguanas
  3 orc wizards
  A killer bee zombie (D:6)
  5 adders
  6 gnolls
  A howler monkey skeleton (D:6)
  3 shadow imps
  2 ufetubi
  A worm (D:2)
  4 dart slugs
  13 orcs
  5 ball pythons
  2 bats
  6 endoplasms
  7 giant cockroaches
  3 goblins
  4 hobgoblins
  3 jackals (D:1)
  A quokka (D:3)
  7 frilled lizards
  10 kobolds
  2 rats (D:3)
126 creatures vanquished.

Vanquished Creatures (others)
  6 plants (D:4)
6 creatures vanquished.

Grand Total: 132 creatures vanquished

Notes
Turn   | Place    | Note
-------+----------+-------------------------------------------
     0 | D:1      | protoss039 the Demonspawn Earth Elementalist began the
                  | quest for the Orb.
     0 | D:1      | Reached XP level 1. HP: 13/13 MP: 3/3
    46 | D:1      | Reached skill level 1 in Transmutations
   314 | D:1      | Found a faded altar of an unknown god.
   384 | D:1      | Gained mutation: A meltable shield of frost defends you.
                  | (SH +4) [demonic ancestry]
   384 | D:1      | Reached XP level 2. HP: 18/20 MP: 5/5
   605 | D:1      | Reached skill level 1 in Fighting
  1510 | D:1      | Learned a level 2 spell: Passwall
  1567 | D:2      | Reached XP level 3. HP: 26/26 MP: 6/6
  2095 | D:2      | Identified the +9 long sword of Plague {vorpal, rPois}
  2123 | D:2      | Learned a level 3 spell: Stone Arrow
  2352 | D:3      | Gained mutation: You may rarely emit foul miasma when
                  | damaged in melee. [demonic ancestry]
  2352 | D:3      | Reached XP level 4. HP: 33/33 MP: 7/7
  2416 | D:3      | Reached skill level 2 in Fighting
  2416 | D:3      | Reached skill level 1 in Armour
  2911 | D:4      | Found a blossoming altar of Fedhas.
  2911 | D:4      | Found an ancient bone altar of Kikubaaqudgha.
  2969 | D:4      | Reached skill level 1 in Conjurations
  2969 | D:4      | Reached XP level 5. HP: 30/39 MP: 8/8
  3332 | D:4      | Reached skill level 3 in Fighting
  3332 | D:4      | Reached XP level 6. HP: 42/47 MP: 10/10
  3421 | D:4      | Found a sparkling altar of Nemelex Xobeh.
  3430 | D:4      | Found a snail-covered altar of Cheibriados.
  3949 | D:5      | Entered Level 5 of the Dungeon
  4252 | D:5      | Reached XP level 7. HP: 53/53 MP: 7/11
  4255 | D:5      | Reached skill level 4 in Fighting
  4840 | D:6      | Noticed Menkaure
  5084 | D:6      | Killed Menkaure
  5085 | D:6      | Reached skill level 5 in Fighting
  5085 | D:6      | Reached XP level 8. HP: 47/62 MP: 4/13
  5190 | D:6      | Found a staircase to the Ecumenical Temple.
  5196 | Temple   | Entered the Ecumenical Temple
  5688 | D:6      | Reached skill level 6 in Fighting
  5852 | D:6      | Reached skill level 5 in Earth Magic
  6010 | D:6      | Found a radiant altar of Vehumet.
  6069 | D:6      | Became a worshipper of Vehumet
  6421 | D:7      | Reached skill level 7 in Fighting
  6421 | D:7      | Reached skill level 5 in Spellcasting
  6475 | D:7      | Identified the +10 rapier of Resourcefulness {elec, rPois}
  6528 | D:7      | Reached XP level 9. HP: 67/72 MP: 16/16
  6914 | D:8      | Noticed Joseph
  6938 | D:8      | Noticed Gastronok
  7369 | D:7      | Reached skill level 8 in Fighting
  7830 | D:8      | Reached * piety under Vehumet
  7830 | D:8      | Offered knowledge of Magic Dart by Vehumet.
  7850 | D:8      | Noticed a two-headed ogre
  7861 | D:7      | Slain by a two-headed ogre

Illustrated notes

Levels and vault maps discovered:
D:1:      minmay_arrival_wavy_path, layout_basic, ebering_ecumenical_altar_mist,
          serial_bayou_pond_e, eino_curves_02, roderic_filled_cross
D:2:      layout_basic, serial_curves, eino_curves_04, eino_curves_03
D:3:      layout_loops_ring, minmay_misc_feat_diagonals
D:4:      layout_layer_cave, grunt_temple_overflow_growth_and_decay,
          mainiacjoe_overflow_swirl, lexackson_kobold_supper
D:5:      layout_basic
D:6:      layout_cave_pools, lemuel_tele_altar,
          minmay_temple_entry_gardened_gates, minmay_misc_feat_roman,
          minmay_misc_feat_ornament, uniq_menkaure
D:7:      layout_loops_ring, nicolae_figureground_pulse
D:8:      layout_rooms, uniq_gastronok, uniq_joseph
Temple:   regret_index_temple_sphere_string

Skill      XL: |  1  2  3  4  5  6  7  8  9 |
---------------+----------------------------+-----
Transmutations | 1 2 |  2.0
Fighting       | 1 2 3 5 7 8 |  8.3
Earth Magic    | 3 4 5 6 |  6.2
Armour         | 1 2 3 |  3.0
Conjurations   | 1 2 3 |  3.0
Spellcasting   | 3 5 |  5.7
Dodging        | |  1.7
Stealth        | |  1.7

Action                   |  1- 3 |  4- 6 |  7- 9 || total
-------------------------+-------+-------+-------++-------
Melee: Unarmed           |    20 |       |       ||    20
       Spear             |    51 |       |       ||    51
       Long sword        |    10 |    58 |    83 ||   151
       Punch             |       |       |     1 ||     1
 Cast: Sandblast         |    16 |     4 |    17 ||    37
       Stone Arrow       |       |     3 |    36 ||    39
       Passwall          |       |       |     2 ||     2
  Use: Scroll            |       |     4 |     2 ||     6
       Potion            |       |       |     1 ||     1
 Stab: Sleeping          |     4 |     1 |       ||     5
       Distracted        |       |     1 |       ||     1
Armor: Robe              |    11 |    16 |    38 ||    65
Dodge: Dodged            |    64 |    37 |    72 ||   173
Block: Other             |     2 |     5 |    27 ||    34
